 Dungeon Crawl Stone Soup version bcrawl-1.27.1b (webtiles) character file.

Game seed: 17778059662237034941

462798 funkygono the Destroyer (level 12, -12/70 HPs)
             Began as a Fairy Conjurer on July 19, 2020.
             Was a Priest of Vehumet.
             Killed from afar by an ice dragon (48 damage)
             ... with a blast of cold
             ... on level 3 of the Lair of Beasts.
             The game lasted 00:35:09 (11564 turns).

funkygono the Destroyer (Fairy Conjurer)           Turns: 11564, Time: 00:35:10

Health: -12/70     AC: 19    Str:  6    XL:     12   Next: 85%
Magic:  37/41      EV: 21    Int: 22    God:    Vehumet [***...]
Gold:   804        SH: 14    Dex: 15    Spells: 21/39 levels left

rFire    + . .     SeeInvis .   r - +4 dagger (speed)
rCold    x . .     Gourm    .   x - +0 buckler {reflect}
rNeg     . . .     Faith    .   (armour unavailable)
rPois    .         Spirit   .   n - +2 helmet
rElec    .         Reflect  +   C - +1 cloak
rCorr    .         Harm     .   (no gloves)
MR       +....                  q - +0 pair of boots
Stlth    +.........             (no amulet)
HPRegen  0.21/turn              u - ring "Uhaisuss" {Fire MP+9} (curse)
MPRegen  0.27/turn              f - +6 ring of protection

@: flying evasively
A: small, magic attunement, unstealthy, unfitting armour, able to fly, AC/SH +7
a: Stop Flying, Renounce Religion


You were on level 3 of the Lair of Beasts.
You worshipped Vehumet.
Vehumet was most pleased with you.
You were not hungry.

You visited 3 branches of the dungeon, and saw 13 of its levels.

You collected 1029 gold pieces.
You spent 225 gold pieces at shops.

Inventory:

Hand Weapons
 r - a +4 dagger of speed (weapon)
Missiles
 w - 1169 stones (quivered)
Armour
 h - a +2 hat
 n - a +2 helmet (worn)
 q - a +0 pair of boots (worn)
 x - a +0 buckler of reflection (worn)
 C - a +1 cloak (worn)
Jewellery
 f - a +6 ring of protection (right hand)
 k - the ring "Pelytis" {rPois rC- MR- Int+5 Stlth--}
   (You found it on level 3 of the Dungeon)

   [ring of attention]

   It affects your intelligence (+5).
   It makes you vulnerable to cold.
   It protects you from poison.
   It affects your resistance to hostile enchantments.
   It makes you much less stealthy.
 u - the cursed ring "Uhaisuss" (left hand) {Fire MP+9}
   (You found it on level 7 of the Dungeon)

   [ring of fire]

   It enhances your fire magic.
   It protects you from fire.
   It makes you vulnerable to cold.
   It affects your magic capacity (+9).
   It has a curse placed upon it.
 D - an uncursed ring of insulation
 I - an uncursed ring of magical power
Wands
 G - a wand of scattershot (6)
Scrolls
 l - 4 scrolls of remove curse
 m - a scroll of blinking
 p - a scroll of amnesia
 s - 4 scrolls of magic mapping
 v - a scroll of immolation
 y - 2 scrolls of fear
 z - 4 scrolls of teleportation
 A - a scroll of identify
Potions
 b - a potion of magic
 c - 5 potions of lignification
 d - a potion of resistance
 g - 5 potions of heal wounds
 i - 6 potions of flight
 j - 2 potions of mutation
 o - 3 potions of ambrosia
 t - 8 potions of curing
Comestibles
 a - 5 chunks of flesh
 e - 27 rations {!d}


   Skills:
 + Level 1.7 Fighting
 + Level 8.2 Dodging
 - Level 2.0 Stealth
 - Level 4.5 Shields
 + Level 14.2 Spellcasting
 + Level 14.8 Conjurations
 + Level 0.6 Charms
 * Level 6.3 Fire Magic
 + Level 8.6 Ice Magic
 + Level 0.4 Poison Magic


You had 21 spell levels left.
You knew the following spells:

 Your Spells              Type           Power        Failure   Level  Hunger
a - Magic Dart            Conj           ####         0%          1    None
b - Searing Ray           Conj           ######..     1%          2    None
c - Iskenderun's Mystic   Conj           ######..     1%          3    None
d - Throw Icicle          Conj/Ice       ######..     1%          4    None
e - Ozocubu's Armour      Chrm/Ice       #####...     4%          3    None
f - Sting                 Conj/Pois      ####         1%          1    None
g - Flame Tongue          Conj/Fire      #####        1%          1    None
h - Stone Arrow           Conj/Erth      #####.       1%          3    None

Your spell library contained the following spells:

 Spells                   Type           Power        Failure   Level  Hunger
 Inner Flame              Hex/Fire       N/A          2%          3    None
 Freeze                   Ice            ######       1%          1    None
 Throw Frost              Conj/Ice       ######       1%          2    None
 Dazzling Orbs            Conj/Hex       #####..      1%          3    None
 Fulminant Prism          Conj/Hex       #####.....   1%          4    None
 Irradiate                Conj/Tmut      #####.....   3%          5    None
 Beastly Appendage        Tmut           ###...       10%         1    None
 Sticks to Snakes         Tmut           ###.....     16%         2    None
 Ice Form                 Ice/Tmut       ####....     17%         4    None
 Summon Ice Beast         Ice/Summ       ####....     17%         4    None
 Spider Form              Tmut/Pois      ###          26%         3    None
 Yara's Violent Unravell  Hex/Tmut       ###.......   26%         4    None
 Confuse                  Hex            ###.....     30%         3    None
 Metabolic Englaciation   Hex/Ice        ####......   43%         5    None
 Mana Rupture             Conj/Hex       #####.....   67%         7    None
 Petrify                  Tmut/Erth      ###.......   69%         4    None
 Blade Hands              Tmut           ###.......   95%         5    None


Dungeon Overview and Level Annotations

Branches:
Dungeon (9/12)             Temple (1/1) D:7            Lair (3/6) D:9
  Swamp (0/3) Lair:3          Orc (0/1) D:8
  Snake: Lair:2-4    Spider: Lair:2-4

Altars:
Ashenzari
Cheibriados
Dithmenos
Elyvilon
Fedhas
Gozag
Hepliaklqana
Kikubaaqudgha
Lugonu
Makhleb
Nemelex Xobeh
Okawaru
Qazlal
Ru
Sif Muna
Trog
Uskayaw
Vehumet
Wu Jian
Xom
Yredelemnul
Zin
The Shining One

Shops:
D:4 }   D:8 [


Innate Abilities, Weirdness & Mutations

Your spells do not cause hunger and MP costs are reduced by 1.
Your bright wings attract enemies. (Stealth-)
You cannot fit into any form of body armour.
Your shimmering scales are hard and can block incoming attacks. (AC +7, SH +7)
You are small and have problems with some larger weapons.
You can fly continuously.


Message History

Press: ? - help, Shift-Dir - straight line, f/p - ice dragon
Aim: an ice dragon (moderately wounded)
The searing ray hits the ice dragon!
The ice dragon is moderately wounded. (Press . to maintain the ray.)
You block the ice dragon's attack. The ice dragon misses you.
The ice dragon barely misses you.
The searing ray hits the ice dragon!
The ice dragon is heavily wounded.
You block the ice dragon's attack. The ice dragon claws you!
You block the ice dragon's attack.
The searing ray hits the ice dragon.
The ice dragon is heavily wounded.
The ice dragon barely misses you. You block the ice dragon's attack. x2
The searing ray hits the ice dragon!
The ice dragon is heavily wounded.
The ice dragon breathes frost at you.
You feel a terrible chill! The blast of cold hits you!!!
Ouch! That really hurt!
You die...

######## ########.##
#.#### #....# ####.#
##### ##.# ≈≈...####
#..# ≈.......##
######.##
≈........#####......#
≈≈.........D@..######
≈≈.........#####
≈≈≈......###
.≈≈≈..$.## ≈≈≈≈..###
#####


You could see an ice dragon.

Vanquished Creatures
  5 hydras
  A two-headed ogre (D:7)
  An unseen horror (D:9)
  An oklob plant (Lair:2)
  A deep elf mage (D:9)
  A centaur zombie (D:8)
  2 black mambas
  5 cane toads
  A rime drake (Lair:3)
  A komodo dragon (Lair:3)
  A troll (D:5)
  Grinder (D:4)
  Prince Ribbit (D:9)
  4 hippogriffs
  A spriggan (Lair:1)
  20 yaks
  4 hogs (D:9)
  A human (D:9)
  A wyvern (Lair:3)
  A steam dragon (D:7)
  Eustachio (D:5)
  3 hungry ghosts
  Edmund (D:5)
  2 crocodiles (Lair:2)
  6 porcupines
  4 water moccasins
  4 orc warriors
  An ice beast (D:6)
  5 sky beasts
  2 black bears (D:9)
  A phantom (D:8)
  5 ogres
  9 wolves
  5 centaurs
  8 bullfrogs
  4 scorpions
  3 wights (D:6)
  6 killer bees
  2 electric eels (Lair:1)
  8 howler monkeys
  2 crimson imps
  A bullfrog zombie (D:4)
  3 hounds
  7 orc priests
  11 orc wizards
  A centaur skeleton (D:5)
  4 iguanas
  5 worker ants
  A hound zombie (D:9)
  Robin (D:4)
  A howler monkey skeleton (D:9)
  7 adders
  11 gnolls
  A shadow imp (D:7)
  5 oozes
  2 adder skeletons (D:4)
  An adder zombie (D:4)
  3 worms
  3 dart slugs
  A leopard gecko (D:3)
  25 orcs
  6 bats
  7 goblins
  11 hobgoblins
  5 jackals
  A quokka (D:2)
  2 ball pythons
  8 frilled lizards
  6 kobolds
  A rat (D:2)
  A fungus (Lair:2)
278 creatures vanquished.

Vanquished Creatures (others)
  17 fungi
  2 plants
19 creatures vanquished.

Grand Total: 297 creatures vanquished

Notes
Turn   | Place    | Note
-------+----------+-------------------------------------------
     0 | D:1      | funkygono the Fairy Conjurer began the quest for the Orb.
     0 | D:1      | Reached XP level 1. HP: 11/11 MP: 6/6
    68 | D:1      | Reached skill level 5 in Conjurations
   455 | D:1      | Reached XP level 2. HP: 17/17 MP: 7/7
   459 | D:1      | Learned a level 2 spell: Searing Ray
   942 | D:2      | Found an opulent altar of Gozag.
   979 | D:2      | Reached XP level 3. HP: 21/21 MP: 5/9
  1274 | D:2      | Found a shimmering blue altar of Sif Muna.
  1358 | D:2      | Learned a level 3 spell: Iskenderun's Mystic Blast
  1422 | D:3      | Got a flickering golden ring
  1424 | D:3      | Identified the cursed ring "Pelytis" {rPois rC- MR- Int+5
                  | Stlth--} (You found it on level 3 of the Dungeon)
  1436 | D:3      | Reached XP level 4. HP: 27/27 MP: 3/10
  1684 | D:3      | Reached XP level 5. HP: 31/31 MP: 9/11
  1698 | D:3      | Found a glowing golden altar of the Shining One.
  2218 | D:3      | Found an iron altar of Okawaru.
  2369 | D:4      | Reached XP level 6. HP: 36/36 MP: 10/14
  2458 | D:4      | Found Uzais's Gadget Shoppe.
  2496 | D:4      | Noticed Grinder
  2502 | D:4      | Killed Grinder
  2502 | D:4      | Reached skill level 5 in Spellcasting
  2502 | D:4      | Reached XP level 7. HP: 33/41 MP: 8/16
  2857 | D:4      | Noticed Robin
  2865 | D:4      | Killed Robin
  3153 | D:5      | Entered Level 5 of the Dungeon
  3159 | D:5      | Noticed a troll
  3172 | D:5      | Killed a troll
  3172 | D:5      | Reached skill level 1 in Shields
  3265 | D:5      | Reached XP level 8. HP: 42/46 MP: 16/19
  3530 | D:5      | Got a faintly glowing robe
  3547 | D:5      | Reached skill level 10 in Conjurations
  3634 | D:5      | Noticed Edmund
  3637 | D:5      | Killed Edmund
  3725 | D:5      | Noticed Eustachio
  3733 | D:5      | Killed Eustachio
  3991 | D:5      | Learned a level 4 spell: Throw Icicle
  4104 | D:6      | Reached XP level 9. HP: 52/52 MP: 13/23
  4258 | D:6      | Found a snail-covered altar of Cheibriados.
  4512 | D:6      | Reached skill level 5 in Dodging
  4512 | D:6      | Reached skill level 1 in Ice Magic
  4571 | D:6      | Found a hide-covered altar of Uskayaw.
  4731 | D:6      | Found a blossoming altar of Fedhas.
  5007 | D:7      | Got a pitted lapis lazuli ring
  5009 | D:7      | Identified the cursed ring "Uhaisuss" {Fire MP+9} (You
                  | found it on level 7 of the Dungeon)
  5269 | D:7      | Reached skill level 10 in Spellcasting
  5324 | D:7      | Learned a level 3 spell: Ozocubu's Armour
  5435 | D:7      | Found a staircase to the Ecumenical Temple.
  5443 | Temple   | Entered the Ecumenical Temple
  5653 | Temple   | Became a worshipper of Vehumet
  5669 | D:7      | Noticed a two-headed ogre
  5675 | D:7      | Killed a two-headed ogre
  5675 | D:7      | Reached XP level 10. HP: 31/57 MP: 26/26
  5797 | D:7      | Found an ornate altar of the Wu Jian Council.
  5884 | D:7      | Found a glowing silver altar of Zin.
  6389 | D:8      | Found a burning altar of Makhleb.
  6440 | D:8      | Found Ziqasic's Antique Armour Shoppe.
  6448 | D:8      | Bought a runed cloak for 225 gold pieces
  6519 | D:8      | Reached skill level 5 in Ice Magic
  6575 | D:8      | Found a staircase to the Orcish Mines.
  7184 | D:9      | Noticed Prince Ribbit
  7190 | D:9      | Killed Prince Ribbit
  7214 | D:9      | Reached * piety under Vehumet
  7214 | D:9      | Offered knowledge of Sting by Vehumet.
  7229 | D:9      | Learned a level 1 spell: Sting
  7240 | D:9      | Reached skill level 1 in Fighting
  7263 | D:9      | Reached XP level 11. HP: 47/63 MP: 12/28
  7267 | D:9      | Killed an unseen horror
  7373 | D:9      | Offered knowledge of Flame Tongue by Vehumet.
  7376 | D:9      | Learned a level 1 spell: Flame Tongue
  7602 | D:9      | Reached ** piety under Vehumet
  7646 | D:9      | Found a staircase to the Lair.
  7766 | D:9      | Noticed a deep elf mage
  7796 | D:9      | Killed a deep elf mage
  8069 | D:9      | Reached skill level 1 in Fire Magic
  8600 | Lair:1   | Entered Level 1 of the Lair of Beasts
  8693 | Lair:1   | Offered knowledge of Stone Arrow by Vehumet.
  8716 | Lair:1   | Learned a level 3 spell: Stone Arrow
  9494 | Lair:2   | Reached *** piety under Vehumet
  9602 | Lair:2   | Got a transparent war axe
  9603 | Lair:2   | Identified the +4 war axe of the Queen {drain, +Rage} (You
                  | found it on level 2 of the Lair of Beasts)
  9625 | Lair:2   | Noticed an eight-headed hydra
  9634 | Lair:2   | Killed an eight-headed hydra
  9634 | Lair:2   | Reached XP level 12. HP: 43/69 MP: 31/31
 10096 | Lair:2   | Reached skill level 5 in Fire Magic
 10111 | Lair:2   | Noticed a five-headed hydra
 10119 | Lair:2   | Killed a five-headed hydra
 10746 | Lair:3   | Noticed an eight-headed hydra
 10752 | Lair:3   | Killed an eight-headed hydra
 10811 | Lair:3   | Offered knowledge of Inner Flame by Vehumet.
 10908 | Lair:3   | Noticed a seven-headed hydra
 10914 | Lair:3   | Killed a seven-headed hydra
 11019 | Lair:3   | Found a staircase to the Swamp.
 11513 | Lair:3   | Noticed an eight-headed hydra
 11526 | Lair:3   | Killed an eight-headed hydra
 11552 | Lair:3   | Noticed an ice dragon
 11564 | Lair:3   | Killed from afar by an ice dragon

Skill      XL: |  1  2  3  4  5  6  7  8  9 10 11 12 |
---------------+-------------------------------------+-----
Conjurations   | 5 6 7 8 9 10 11 12 13 14 | 14.8
Spellcasting   | 3 4 5 6 8 10 11 13 14 | 14.2
Dodging        | 3 4 5 6 7 8 |  8.2
Stealth        | 2 |  2.0
Shields        | 1 2 3 4 |  4.5
Ice Magic      | 4 6 7 8 |  8.6
Fighting       | 1 |  1.7
Fire Magic     | 4 6 |  6.3
Charms         | |  0.6
Poison Magic   | |  0.4

Action                   |  1- 3 |  4- 6 |  7- 9 | 10-12 || total
-------------------------+-------+-------+-------+-------++-------
Melee: Dagger            |       |       |     2 |     3 ||     5
 Cast: Magic Dart        |    41 |    26 |    52 |    57 ||   176
       Searing Ray       |     6 |    19 |    29 |    44 ||    98
       Iskenderun's Myst |       |     4 |    54 |    72 ||   130
       Throw Icicle      |       |       |    13 |    29 ||    42
       Ozocubu's Armour  |       |       |       |     4 ||     4
       Flame Tongue      |       |       |       |    85 ||    85
       Sting             |       |       |       |     7 ||     7
  Use: Scroll            |    11 |       |     5 |    11 ||    27
  Eat: Chunk             |     2 |     4 |    13 |    23 ||    42
Armor: Skin              |     3 |     3 |    19 |    40 ||    65
Dodge: Dodged            |    13 |     7 |    45 |   123 ||   188
Block: Other             |     3 |     3 |    17 |     1 ||    24
       Buckler           |       |       |       |   131 ||   131
       Reflection        |       |       |       |     1 ||     1
